 Dungeon Crawl Stone Soup version 0.27-a0-29-g2d0a2396b0 (webtiles) character file.

Game seed: 1533996957275022338

1213 Calibrex the Skirmisher (level 8, -11/74 HPs)
             Began as a Hill Orc Fighter on Jan 3, 2021.
             Was a Follower of Beogh.
             Mangled by an orc warrior
             ... wielding a +0 dire flail
              (18 damage)
             ... on level 7 of the Dungeon.
             The game lasted 00:19:16 (6688 turns).

Calibrex the Skirmisher (Hill Orc Fighter)          Turns: 6688, Time: 00:19:17

Health: -11/74     AC: 11    Str: 21    XL:     8   Next: 46%
Magic:  8/8        EV:  6    Int:  8    God:    Beogh [*.....]
Gold:   295        SH: 10    Dex: 10    Spells: 7/7 levels left

rFire    . . .     SeeInvis .   m - +2 flail (vorpal)
rCold    . . .     Faith    .   c - +0 kite shield
rNeg     . . .     Spirit   .   l - +0 chain mail
rPois    .         Reflect  .   (no helmet)
rElec    .         Harm     .   (no cloak)
rCorr    .         Rampage  .   (no gloves)
Will     .....                  i - +0 pair of boots
Stlth    ..........             (no amulet)
HPRegen  0.22/turn              (no ring)
MPRegen  0.11/turn              (no ring)

@: mighty
A: no striking features
a: Renounce Religion


You were on level 7 of the Dungeon.
You worshipped Beogh.
Beogh was aware of your devotion.
You visited 1 branch of the dungeon, and saw 7 of its levels.

You collected 295 gold pieces.

Inventory:

Hand Weapons
 a - a +0 war axe
 m - a +2 vorpal flail (weapon)
Missiles
 o - 32 poisoned darts (quivered)
 p - a throwing net
 x - 5 datura-tipped darts
 F - 5 atropa-tipped darts
Armour
 c - a +0 kite shield (worn)
 i - a +0 pair of boots (worn)
 l - a +0 chain mail (worn)
Jewellery
 g - an uncursed ring of magical power {unknown}
 z - an uncursed amulet of reflection {unknown}
 C - an uncursed ring of poison resistance {unknown}
 E - a +6 ring of intelligence
Wands
 q - a wand of digging (1)
 D - a wand of disintegration (4)
Scrolls
 b - 4 scrolls of remove curse {unknown}
 e - 4 scrolls of identify
 h - 2 scrolls of immolation {unknown}
 j - 3 scrolls of teleportation
 k - 2 scrolls of noise {unknown}
 t - 2 scrolls of enchant armour {unknown}
 u - 3 scrolls of fear {unknown}
 w - 2 scrolls of magic mapping {unknown}
 y - a scroll of enchant weapon {unknown}
 A - a scroll of fog {unknown}
 I - a scroll of holy word {unknown}
Potions
 f - a potion of haste {unknown}
 n - a potion of flight {unknown}
 r - a potion of resistance {unknown}
 s - a potion of ambrosia {unknown}
 v - a potion of cancellation {unknown}
 B - 3 potions of attraction
 G - a potion of berserk rage {unknown}
 H - 2 potions of lignification {unknown}
 J - a potion of invisibility {unknown}


   Skills:
 + Level 7.9 Fighting
 - Level 2.6 Axes
 + Level 6.8 Armour
 + Level 7.2 Shields


You had 7 spell levels left.
You didn't know any spells.
Your spell library contained the following spells:

 Spells                   Type           Power        Failure   Level
 Animate Skeleton         Necr           0%           100%        1
 Apportation              Tloc           0%           100%        1
 Corona                   Hex            0%           100%        1
 Summon Small Mammal      Summ           0%           100%        1


Dungeon Overview and Level Annotations

Branches:
Dungeon (7/15)
 Temple: D:4-7

Altars:
Ashenzari
Hepliaklqana
Qazlal


Message History

You hit the orc warrior but do no damage.
The orc warrior is moderately wounded.
You block the orc warrior's attack.
You barely miss the orc warrior.
The orc warrior is moderately wounded.
The orc warrior hits you with a +0 dire flail.
* * * LOW HITPOINT WARNING * * *
The orc warrior hits you with a +0 dire flail.
* * * LOW HITPOINT WARNING * * *
You closely miss the orc warrior.
The orc warrior is moderately wounded.
The orc warrior hits you with a +0 dire flail!
* * * LOW HITPOINT WARNING * * *
You feel very mighty all of a sudden. The orc warrior barely misses you.
You closely miss the orc warrior.
The orc warrior is moderately wounded.
The orc warrior hits you with a +0 dire flail!!
You die...
Beogh appreciates the orc warrior's killing of a heretic priest.

.........
≈≈......##
≈≈⌠.....#.
≈≈.......
.........
........##
...$...o.###
.......@)..#
..##....#...#
........# ###
.........
.........
.......... #
.......... #
.....##.... #


You could see an orc warrior.

Vanquished Creatures
  A sky beast (D:5)
  5 ogres
  2 centaurs (D:5)
  A wyvern skeleton (D:6)
  A centaur zombie (D:4)
  A hound (D:4)
  2 orc wizards
  A gnoll shaman (D:5)
  A worker ant zombie (D:6)
  8 gnolls
  12 adders
  An ufetubus (D:4)
  3 oozes
  2 adder skeletons (D:4)
  An adder zombie (D:6)
  5 worms
  4 leopard geckos
  13 orcs
  2 ball pythons
  5 bats
  2 giant cockroaches (D:4)
  2 goblins
  10 hobgoblins
  2 jackals (D:6)
  4 kobolds
  4 quokkas
  6 frilled lizards
  A leopard gecko zombie (D:7)
  21 rats
123 creatures vanquished.

Vanquished Creatures (others)
  2 plants (D:1)
2 creatures vanquished.

Grand Total: 125 creatures vanquished

Notes
Turn   | Place    | Note
-------+----------+-------------------------------------------
     0 | D:1      | Calibrex the Hill Orc Fighter began the quest for the Orb.
     0 | D:1      | Reached XP level 1. HP: 19/19 MP: 1/1
   301 | D:1      | Reached XP level 2. HP: 26/27 MP: 2/2
  1138 | D:2      | Reached XP level 3. HP: 31/34 MP: 3/3
  1502 | D:2      | Reached XP level 4. HP: 24/41 MP: 4/4
  1858 | D:2      | Reached skill level 5 in Fighting
  2179 | D:3      | Reached XP level 5. HP: 48/48 MP: 5/5
  2793 | D:3      | Found a stormy altar of Qazlal.
  3165 | D:4      | Reached skill level 5 in Shields
  3197 | D:4      | Found a broken altar of Ashenzari.
  3206 | D:4      | Reached XP level 6. HP: 57/57 MP: 6/6
  3469 | D:4      | Reached skill level 5 in Armour
  3635 | D:4      | Reached XP level 7. HP: 58/63 MP: 7/7
  3851 | D:4      | Became a worshipper of Beogh the Brigand
  4055 | D:5      | Entered Level 5 of the Dungeon
  4736 | D:5      | Found a hazy altar of Hepliaklqana.
  4972 | D:5      | Reached XP level 8. HP: 70/73 MP: 8/8
  5213 | D:5      | Reached * piety under Beogh
  6688 | D:7      | Mangled by an orc warrior

Illustrated notes

Levels and vault maps discovered:
D:1:      wheals_arrival_linesprint, layout_basic, serial_bayou,
          serial_bayou_shore_b, serial_bayou_pond_b, serial_bayou_ford_a,
          serial_bayou_lake_a
D:2:      layout_basic, corexii_item_surrounded_by_moat, minmay_rat_hole
D:3:      layout_basic, nicolae_qazlal_eye_of_the_storm
D:4:      layout_cave_pools, ashenzari_altar_1
D:5:      layout_layer_cave, lemuel_doored_altar
D:6:      layout_basic
D:7:      minmay_the_grid_square_5x5_3x3 [minmay_the_grid_square_5x5_plus,
          minmay_the_grid_square_5x5_minivault,
          minmay_the_grid_square_5x5_hourglass,
          minmay_the_grid_square_5x5_eight,
          minmay_the_grid_square_5x5_megaprize_crossed,
          minmay_the_grid_square_5x5_spiral_small,
          minmay_the_grid_square_5x5_tri_point,
          minmay_the_grid_square_5x5_half_checkered,
          minmay_the_grid_square_5x5_beaten_path], layout_basic,
          gammafunk_temple_overflow_claw, minmay_temple_entry_junction,
          ebering_ghost_rock_garden, serial_park_tiny_pond

Skill      XL: |  1  2  3  4  5  6  7  8 |
---------------+-------------------------+-----
Fighting       | 4 5 6 7 |  7.9
Shields        | 4 5 6 7 |  7.2
Armour         | 4 5 6 |  6.8
Axes           | |  2.6

Action                   |  1- 3 |  4- 6 |  7- 9 || total
-------------------------+-------+-------+-------++-------
Melee: War axe           |   116 |    10 |       ||   126
       Flail             |       |   138 |   177 ||   315
Throw: Dart              |       |    12 |     1 ||    13
Invok: Convert to Beogh  |       |       |     1 ||     1
  Use: Potion            |     1 |       |     1 ||     2
       Scroll            |       |       |     2 ||     2
Armor: Scale mail        |    26 |       |       ||    26
       Chain mail        |    48 |    77 |    92 ||   217
Dodge: Dodged            |    28 |    26 |    36 ||    90
Block: Kite shield       |    54 |    89 |    95 ||   238

Table legend: (Time is in decaauts)
 A = Elapsed time spent in this place.
 B = Non-inter-level travel time spent in this place.
 C = Inter-level travel time spent in this place.
 D = Time resting spent in this place.
 E = Time spent auto-exploring this place.
 F = Levels seen in this place.
 G = Mean time per level.
                   A        B        C        D        E       F      G
               +--------+--------+--------+--------+--------+-----+--------+
         Total |   6921 |   6684 |    237 |     11 |   5466 |   7 |  988.7 |
       Dungeon |   6921 |   6684 |    237 |     11 |   5466 |   7 |  988.7 |
               +--------+--------+--------+--------+--------+-----+--------+

Top non-repeatable levels by time:
     D:5: 1830 daAuts
     D:1: 1197 daAuts
     D:3: 1100 daAuts
     D:2: 1027 daAuts
     D:4: 900 daAuts
     D:6: 836 daAuts
     D:7: 29 daAuts
